 Dungeon Crawl Stone Soup version 0.20-a0-181-g08e0bf9 (webtiles) character file.

74 MrRokkomies the Vexing (level 4, 0/25 HPs)
             Began as a Kobold Arcane Marksman on Nov 23, 2016.
             Slain by a kobold
             ... wielding a +0 dagger
              (1 damage)
             ... on level 3 of the Dungeon.
             The game lasted 00:04:41 (2438 turns).

MrRokkomies the Vexing (Kobold Arcane Marksman)     Turns: 2438, Time: 00:04:41

Health: 0/25       AC:  5    Str:  5 (8)  XL:     4   Next: 52%
Magic:  5/5        EV: 11    Int: 14 (15) God:
Gold:   86         SH:  0    Dex: 12 (14) Spells: 2/5 levels left

rFire  . . .     SeeInvis .     b - +4 whip
rCold  . . .     Gourm    .     j - +0 ring mail
rNeg   . . .     Faith    .     (shield restricted)
rPois  +         Spirit   .     (no helmet)
rElec  .         Reflect  .     (no cloak)
rCorr  .         Harm     .     (no gloves)
MR     .....                    (no boots)
Stlth  +.........               (no amulet)
                                n - ring of flight
                                i - ring of poison resistance

@: slowed, very slow
A: carnivore 3
a: Evoke Flight


You were on level 3 of the Dungeon.
You were not hungry.

You visited 1 branch of the dungeon, and saw 3 of its levels.

You collected 86 gold pieces.

Inventory:

Hand Weapons
 a - a +0 hand crossbow
 b - a +4 whip (weapon)
Missiles
 d - 39 bolts
Armour
 j - a +0 ring mail (worn)
Jewellery
 i - a ring of poison resistance (left hand)
 l - an uncursed ring of fire
 m - an uncursed amulet of faith
 n - a ring of flight (right hand)
 p - an uncursed ring of ice
Scrolls
 h - 2 scrolls of remove curse
Potions
 e - a potion of flight
Books
 c - a book of Debilitation

   Spells                             Type                      Level
   a - Corona                         Hexes                        1
   b - Slow                           Hexes                        2
   c - Gell's Gravitas                Hexes/Translocation          3
   d - Inner Flame                    Hexes/Fire                   3
   e - Cause Fear                     Hexes                        4
   f - Leda's Liquefaction            Hexes/Earth                  4
Comestibles
 f - 2 meat rations


   Skills:
 - Level 1.1 Fighting
 * Level 4.0 Crossbows
 - Level 2.4 Dodging
 - Level 1.1 Spellcasting
 * Level 4.1 Hexes


You had 2 spell levels left.
You knew the following spells:

 Your Spells              Type           Power        Failure   Level  Hunger
a - Corona                Hex            ##.....      28%         1    ##.....
b - Slow                  Hex            ##......     38%         2    ###....


Dungeon Overview and Level Annotations

Branches:
Dungeon (3/15)

Altars:
Gozag


Innate Abilities, Weirdness & Mutations

You are small and have problems with some larger weapons.
You are carnivorous and can eat meat at any time.


Message History

The kobold hits you but does no damage. The hobgoblin hits you with a club.
* * * LOW HITPOINT WARNING * * *
The kobold hits you with a dagger.
* * * LOW HITPOINT WARNING * * *
As you read the scroll labeled RITTITR PINER, it crumbles to dust.
You feel aware of your surroundings.
You sensed 1 altar.
It was a scroll of magic mapping.
The hobgoblin closely misses you. The kobold hits you but does no damage.
The hobgoblin misses you.
Okay, then.
Unknown command.
You closely miss the kobold.
The kobold is severely wounded.
The kobold misses you.
The hobgoblin hits you but does no damage.
The kobold closely misses you.
You closely miss the kobold.
The kobold is severely wounded.
The hobgoblin barely misses you. The kobold hits you but does no damage.
The kobold hits you with a dagger.
You die...

* *,* *,* **,,,,* ***,*,***, *
*,****,***,***,** *,,,,,,**,
*,,,,,,#*,** **,**###,,,,,,***
*****###.** **,...,,,,,,,,,,
**#...* *..#**,,,,,,***
*,,$.$#* *#s.* *,,,,,,*
******.#.#..## *#K#.# ***,**,*
*,,,,,.......###g##.# *,**,*
*,****,#,*,#.(.@#*#.#****,**,*
*,* *,.,,,#(#K........,,,**,*
**,*##**#.**#.######.###*****,*
,,,,...,#.* #.# #.# ****,*
,,,,....#.###.######.## *,,,,*
*,,,..........#.....<.## *,****
,,,,............##.#...###.##
*,***##.#.#.#####.##.รท......#
*,*** *,#,#.# ##.##.<###..#


You could see a giant cockroach, a hobgoblin and 2 kobolds.

Vanquished Creatures
  2 adders
  An ooze (D:1)
  A worm (D:2)
  A leopard gecko (D:2)
  3 bats
  3 giant cockroaches
  11 goblins
  5 hobgoblins
  7 jackals
  3 kobolds
  4 frilled lizards
  2 rats (D:2)
43 creatures vanquished.

Notes
Turn   | Place    | Note
-------+----------+-------------------------------------------
     0 | D:1      | MrRokkomies the Kobold Arcane Marksman began the quest for the Orb.
     0 | D:1      | Reached XP level 1. HP: 12/12 MP: 2/2
   309 | D:1      | Reached XP level 2. HP: 11/16 MP: 3/3
  1095 | D:1      | Reached XP level 3. HP: 13/20 MP: 4/4
  1557 | D:2      | Learned a level 2 spell: Slow
  1616 | D:2      | Reached XP level 4. HP: 18/25 MP: 1/5
  2005 | D:2      | Found an opulent altar of Gozag.
  2435 | D:3      | HP: 1/25 [kobold/dagger (2)]
  2438 | D:3      | Slain by a kobold

Vault maps used:
D:1:      scummos_arrival_forest
D:2:      nicolae_gozag_seed_capital
D:3:      marbit_many_paths, st_stairs_14

Skill      XL: |  1  2  3  4 |
---------------+-------------+-----
Crossbows      | 3 4 |  4.0
Hexes          | 4 |  4.1
Fighting       | |  1.1
Dodging        | |  2.4
Spellcasting   | |  1.1

Action                   |  1- 3 |  4- 6 || total
-------------------------+-------+-------++-------
Melee: Unarmed           |    65 |       ||    65
       Short sword       |    22 |       ||    22
       Whip              |    11 |    56 ||    67
 Fire: Hand crossbow     |    16 |     4 ||    20
 Cast: Corona            |     7 |     1 ||     8
       Slow              |     1 |       ||     1
  Use: Scroll            |     1 |     3 ||     4
       Potion            |       |     1 ||     1
 Stab: Sleeping          |     1 |       ||     1
  Eat: Chunk             |     3 |     4 ||     7
Armor: Robe              |    14 |       ||    14
       Ring mail         |       |    26 ||    26
Dodge: Dodged            |    85 |    60 ||   145
